 Dungeon Crawl Stone Soup version 0.18.1-2-ga659475 (webtiles) character file.

7 Implojin the Insei (level 1, -2/18 HPs)
             Began as a Mummy Monk on May 8, 2016.
             Slain by a kobold (3 damage)
             ... on level 1 of the Dungeon.
             The game lasted 00:01:18 (379 turns).

Implojin the Insei (Mummy Monk)                      Turns: 379, Time: 00:01:19

Health: -2/18      AC:  0    Str: 14    XL:     1   Next: 91%
Magic:  1/1        EV: 13    Int:  9    God:
Gold:   16         SH:  0    Dex: 14    Spells: 0 memorised, 0 levels left

rFire  x . .     SeeInvis .       - Unarmed
rCold  + . .     Gourm    .     (no armour)
rNeg   + + +     Faith    .     (no shield)
rPois  ∞         Spirit   .     (no helmet)
rElec  .         Dismiss  .     (no cloak)
rCorr  .         Reflect  .     (no gloves)
SustAt .         Harm     .     (no boots)
MR     .....                    (no amulet)
Stlth  ++........               (no ring)
                                (no ring)

@: not resistant to hostile enchantments, unstealthy
A: no food or potions, fire vulnerability, cold resistance 1, negative energy
resistance 3, torment resistance, unbreathing
a: no special abilities


You were on level 1 of the Dungeon.
You were not hungry.

You visited 1 branch of the dungeon, and saw 1 of its levels.

You collected 16 gold pieces.

You aren't carrying anything.


   Skills:
 - Level 3.0 Fighting
 - Level 2.4 Dodging
 - Level 1.5 Stealth
 * Level 3.6 Unarmed Combat


You couldn't memorise any spells.
You didn't know any spells.

Dungeon Overview and Level Annotations

Branches:
Dungeon (1/15)

Altars:


Innate Abilities, Weirdness & Mutations

You do not eat or drink.
Your flesh is vulnerable to fire.
You are immune to poison.
Your flesh is cold resistant.
You are immune to negative energy.
You are immune to unholy pain and torment.
You can survive without breathing.


Message History

You see here a club.
Unknown command.
You see here a club.
You see here a club.
You see here a club.
You see here a club.
You see here a club.
You see here a club.
The kobold shouts!
The kobold throws a stone.
The stone hits you.
You see here a stone.
The kobold closely misses you. The kobold misses you.
The kobold throws a stone.
The stone closely misses you.
Unknown command.
Unknown command.
Unknown command.
You swing at nothing.
You closely miss the hobgoblin.
You punch the hobgoblin, but do no damage.
The hobgoblin closely misses you.
You hit the hobgoblin.
The hobgoblin is severely wounded.
The hobgoblin hits you.
* * * LOW HITPOINT WARNING * * *
You hit the hobgoblin.
You kill the hobgoblin!
The kobold throws a stone.
The stone closely misses you. The kobold hits you.
* * * LOW HITPOINT WARNING * * *
You see here a hobgoblin corpse.
You miss the kobold. The kobold misses you.
You closely miss the kobold. The kobold hits you.
* * * LOW HITPOINT WARNING * * *
You hit the kobold but do no damage. The kobold hits you.
* * * LOW HITPOINT WARNING * * *
You hit the kobold.
The kobold is severely wounded.
The kobold hits you.
You die...

######### ....=...# ####
........# ...
........############.#####
>.......).................
.......(######..#...######
........####...###........
#######>K@..(#..##)#.....#
.......##..##..##.......#
#########..##..##........
###..##..##.....#
#..##..##.#####
#..##[.##...... #.. #<.#
...... ..##..##..##....
#.# #.. ..# .....


You could see a kobold.

Vanquished Creatures
  A dart slug (D:1)
  3 hobgoblins (D:1)
  A kobold (D:1)
5 creatures vanquished.

Notes
Turn   | Place    | Note
--------------------------------------------------------------
     0 | D:1      | Implojin the Mummy Monk began the quest for the Orb.
     0 | D:1      | Reached XP level 1. HP: 18/18 MP: 1/1
   379 | D:1      | Slain by a kobold

Action                   || total
-------------------------++-------
Melee: Unarmed           ||    37
       Punch             ||     2
Dodge: Dodged            ||    21

Table legend:
 A = Turns spent in this place as a percentage of turns spent in the entire game.
 B = Non-inter-level travel turns spent in this place as a percentage of non-inter-level travel turns spent in the entire game.
 C = Inter-level travel turns spent in this place as a percentage of turns spent in this place.
 D = Turns resting spent in this place as a percentage of non-inter-level travel turns spent in this place.
 E = Turns spent auto-exploring this place as a percentage of non-inter-level travel turns spent in this place.
 F = Non-inter-level travel turns spent in this place divided by the number of levels of this place that you've seen.
                   A       B       C       D       E      F
               +-------+-------+-------+-------+-------+----------------------
         Total | 100.0 | 100.0 |   0.0 |   0.7 |   0.4 | 281.0
       Dungeon | 100.0 | 100.0 |   0.0 |   0.7 |   0.4 | 281.0
               +-------+-------+-------+-------+-------+----------------------

Table legend:
 A = Kills in this place as a percentage of kills in entire the game.
 B = Kills by you in this place as a percentage of kills by you in the entire game.
 C = Kills by friends in this place as a percentage of kills by friends in the entire game.
 D = Other kills in this place as a percentage of other kills in the entire game.
 E = Experience gained in this place as a percentage of experience gained in the entire game.
 F = Experience gained in this place divided by the number of levels of this place that you have seen.
                   A       B       C       D       E      F
               +-------+-------+-------+-------+-------+----------------------
         Total | 100.0 | 100.0 |  -nan |  -nan | 100.0 |  11.0
       Dungeon | 100.0 | 100.0 |  -nan |  -nan | 100.0 |  11.0
               +-------+-------+-------+-------+-------+----------------------
